Atomiques vs Ice Dragons
Created - March 27, 2019 at 19:58
Goals
|
Atomiques |
1 |
1 |
0 |
2 |
Ice Dragons |
1 |
1 |
3 |
5 |
|
Shots
|
Atomiques |
12 |
6 |
8 |
26 |
Ice Dragons |
8 |
12 |
14 |
34 |
|
1st period
1. Ice Dragons , Brian Boyle 18 (Luke Adam 24) at 12:30 (SH)
2. Atomiques , Dwight King 40 (Rasmus Ristolainen 71, Ryan Shannon 55) at 12:40 (PP)
Penalties :
Matt Corrente (Kin) for Hooking (Minor) at 12:21, Logan MacMillan (Kin) for Holding Stick (Minor) at 19:38
2nd period
3. Atomiques , Dalton Smith 11 (Corey Tropp 14, Anthony Nigro 7) at 13:15
4. Ice Dragons , Luke Adam 29 (Matt Corrente 24, Alec Martinez 18) at 18:09 (PP)
Penalties :
Michael Ferland (Kin) for Goalie Interference (Minor) at 15:25, Dalton Smith (STB) for Boarding (Minor) at 17:37
3rd period
5. Ice Dragons , Brian Boyle 19 (David Rundblad 33, Brayden McNabb 9) at 8:01
6. Ice Dragons , Michael Stone 4 (Luke Adam 25, William Carrier 16) at 9:37
7. Ice Dragons , Michael Chaput 29 (Alec Martinez 19) at 10:09
Penalties :
Rickard Rakell (STB) for High sticking (Minor) at 2:38
Goalie Stats
Jake Allen (STB), 29 saves from 34 shots - (0.853), L, 17-25-8, 60:00 minutes
Anders Nilsson (Kin), 24 saves from 26 shots - (0.923), W, 13-27-1, 60:00 minutes
Players Stats for Atomiques
Player Name G A P +/- PIM S H SB GA TA FO MP PP MP PK MP
------------------------------------------------------------------------------------
Anthony Nigro 0 1 1 0 0 3 2 0 0 0 2/5 11:57 0:00 0:00
Bobby Farnham 0 0 0 0 0 0 1 0 2 0 1/1 9:08 0:00 0:00
Carl Dahlstrom 0 0 0 -1 0 0 0 0 0 0 0/0 6:23 0:00 0:00
Colby Cohen 0 0 0 0 0 0 1 2 0 1 0/0 18:36 1:28 1:31
Corey Tropp 0 1 1 0 0 3 0 0 1 0 0/0 11:57 0:00 0:00
Dalton Smith 1 0 1 0 2 2 2 2 0 0 0/0 11:56 0:00 0:00
Dwight King 1 0 1 -1 0 4 2 0 1 0 2/6 21:14 2:32 1:39
Eric Gustafsson 0 0 0 0 0 0 0 1 0 1 0/0 10:22 0:00 0:00
Eric Mestery 0 0 0 0 0 1 2 1 1 2 0/0 18:36 1:28 1:31
Jack Skille 0 0 0 -2 0 2 2 0 1 0 0/0 16:32 1:36 0:32
Jacob De La Rose 0 0 0 0 0 0 0 0 0 1 0/1 9:08 0:00 0:00
John Draeger 0 0 0 -1 0 0 0 0 0 0 0/0 6:23 0:00 0:00
Joseph Cramarossa 0 0 0 0 0 0 0 0 0 0 1/1 0:38 0:00 0:38
Kenndal McArdle 0 0 0 -2 0 1 1 1 0 0 1/2 16:00 1:36 0:00
Lucas Wallmark 0 0 0 0 0 0 0 0 0 0 0/0 0:54 0:00 0:14
Matt Tennyson 0 0 0 -2 0 0 1 2 1 0 0/0 24:39 2:49 1:00
Max McCormick 0 0 0 0 0 0 0 0 0 0 0/0 0:09 0:09 0:00
Mike Halmo 0 0 0 0 0 0 0 0 0 0 0/0 10:05 0:00 0:17
Mitch Callahan 0 0 0 0 0 0 0 0 0 0 0/0 0:09 0:09 0:00
Rasmus Ristolainen 0 1 1 -2 0 3 1 4 2 3 0/0 24:39 2:49 1:00
Rickard Rakell 0 0 0 -1 2 2 2 0 1 0 15/27 20:14 2:32 0:00
Ryan Shannon 0 1 1 -1 0 2 2 1 1 0 0/2 21:26 2:41 1:42
Tyler Brenner 0 0 0 -2 0 3 1 0 1 1 7/13 16:00 1:36 0:00
Wiley Sherman 0 0 0 0 0 0 0 0 0 0 0/0 10:22 0:00 0:00
Players Stats for Ice Dragons
Player Name G A P +/- PIM S H SB GA TA FO MP PP MP PK MP
------------------------------------------------------------------------------------
Alec Martinez 0 2 2 1 0 7 0 0 0 0 0/0 26:04 1:46 2:43
Brandon Kozun 0 0 0 0 0 2 1 0 0 1 0/2 17:01 1:24 0:00
Brayden McNabb 0 1 1 2 0 1 0 1 0 2 0/0 20:14 0:45 1:24
Brian Boyle 2 0 2 2 0 6 3 2 2 2 19/35 24:23 1:24 2:33
Chris Wagner 0 0 0 1 0 0 1 0 0 0 0/2 13:30 0:00 0:00
David Rundblad 0 1 1 2 0 1 1 0 0 2 0/0 20:14 0:45 1:24
Dmitri Orlov 0 0 0 0 0 0 0 0 0 0 0/0 3:31 0:00 0:10
Emil Pettersson 0 0 0 -1 0 0 0 0 0 0 1/1 2:39 0:00 0:00
Justin Shugg 0 0 0 1 0 0 0 0 0 0 0/0 17:33 1:07 0:00
Kevin Connauton 0 0 0 1 0 2 0 1 0 1 0/0 14:01 0:00 0:29
Logan MacMillan 0 0 0 0 2 0 2 0 1 1 0/0 17:34 1:24 0:23
Luke Adam 1 2 3 2 0 4 1 1 3 0 6/10 20:06 1:07 2:33
Matt Corrente 0 1 1 0 2 1 1 0 1 2 0/0 22:36 1:46 2:24
Michael Chaput 1 0 1 1 0 4 1 0 1 1 0/3 14:58 0:00 1:28
Michael Ferland 0 0 0 1 2 1 0 0 0 0 0/0 14:24 0:00 0:42
Michael Stone 1 0 1 0 0 2 0 2 0 0 0/0 13:19 0:00 0:00
Sam Carrick 0 0 0 0 0 0 1 0 1 0 3/5 7:42 0:00 0:16
Thomas Gobeil 0 0 0 0 0 0 1 0 0 0 0/0 7:15 0:00 0:00
William Carrier 0 1 1 1 0 3 1 0 0 0 0/0 18:36 1:07 0:39
3 Stars
1 - Brian Boyle (Kin)
2 - Luke Adam (Kin)
3 - Michael Chaput (Kin)
Power Play
Atomiques - 1 on 3 Attempt(s) - 33.33%
Ice Dragons - 1 on 2 Attempt(s) - 50.00%
Penalty Kill
Atomiques - 1 on 2 Attempt(s) - 50.00%
- Score 0 goal in Penalty Kill
Ice Dragons - 2 on 3 Attempt(s) - 66.67%
- Score 1 goal in Penalty Kill
Team Stat
Atomiques - Hits : 20 - Faceoff Wins : 29 - Blocked Shots : 14 - Penalty Minutes : 4
Ice Dragons - Hits : 14 - Faceoff Wins : 29 - Blocked Shots : 7 - Penalty Minutes : 6
Official
Referees : Unknown
Linesman : Unknown
Game Notes
No Game Note
Finance
Level 1 -- Attendance: 1344 (67.20%) -- Ticket Income $53,760
Level 2 -- Attendance: 695 (69.50%) -- Ticket Income $13,900
Total Attendance: 2039 (67.97%)
Total Ticket Income: $67,660
Other Income: $3,383
Total Income: $71,043
Atomiques
5 vs 5 Forward
Center Left Wing Right Wing Time % Phy DF OF
1 Rickard Rakell Dwight King Ryan Shannon 40 1 2 2
2 Tyler Brenner Kenndal McArdle Jack Skille 30 1 2 2
3 Anthony Nigro Dalton Smith Corey Tropp 20 1 2 2
4 Jacob De La Rose Mike Halmo Bobby Farnham 10 1 2 2
5 vs 5 Defense
Defense Defense Time % Phy DF OF
1 Matt Tennyson Rasmus Ristolainen 40 1 2 2
2 Colby Cohen Eric Mestery 30 1 2 2
3 Wiley Sherman Eric Gustafsson 20 1 2 2
4 John Draeger Carl Dahlstrom 10 1 2 2
PowerPlay Forward
Center Left Wing Right Wing Time % Phy DF OF
1 Rickard Rakell Dwight King Ryan Shannon 60 1 2 2
2 Tyler Brenner Kenndal McArdle Jack Skille 40 1 2 2
PowerPlay Defense
Defense Defense Time % Phy DF OF
1 Matt Tennyson Rasmus Ristolainen 60 1 2 2
2 Colby Cohen Eric Mestery 40 1 2 2
Penalty Kill 4 Players Forward
Center Wing Time % Phy DF OF
1 Dwight King Ryan Shannon 60 1 2 2
2 Rickard Rakell Jack Skille 40 1 2 2
Penalty Kill 4 Players Defense
Defense Defense Time % Phy DF OF
1 Matt Tennyson Rasmus Ristolainen 60 1 2 2
2 Colby Cohen Eric Mestery 40 1 2 2
Penalty Kill - 3 Players Forward
Forward Time % Phy DF OF
1 Dwight King 60 1 2 2
2 Ryan Shannon 40 1 2 2
Penalty Kill - 3 Players Defense
Defense Defense Time % Phy DF OF
1 Matt Tennyson Rasmus Ristolainen 60 1 2 2
2 Colby Cohen Eric Mestery 40 1 2 2
4 vs 4 Forward
Center Wing Time % Phy DF OF
1 Dwight King Ryan Shannon 60 1 2 2
2 Rickard Rakell Jack Skille 40 1 2 2
4 vs 4 Defense
Defense Defense Time % Phy DF OF
1 Matt Tennyson Rasmus Ristolainen 60 1 2 2
2 Colby Cohen Eric Mestery 40 1 2 2
Last Minutes Offensive
Center Left Wing Right Wing Defense Defense
Rickard Rakell Dwight King Ryan Shannon Matt Tennyson Rasmus Ristolainen
Last Minutes Defensive
Center Left Wing Right Wing Defense Defense
Rickard Rakell Dwight King Ryan Shannon Matt Tennyson Rasmus Ristolainen
Goaltenders
Starting : Jake Allen
Backup : Jeff Frazee
Extra Forwards
Normal : Mitch Callahan, Max McCormick, Joseph Cramarossa - PP : Mitch Callahan, Max McCormick - PK : Joseph Cramarossa
Extra Defensemen
Normal : Wiley Sherman, Eric Gustafsson, John Draeger - PP : Wiley Sherman - PK : Eric Gustafsson, John Draeger
Penalty Shots
Dwight King, Ryan Shannon, Rickard Rakell, Jack Skille, Kenndal McArdle
Scratches
Brock McGinn (Torso Injury), Francois Tremblay (Healthy)
Ice Dragons
5 vs 5 Forward
Center Left Wing Right Wing Time % Phy DF OF
1 Brian Boyle Logan MacMillan Brandon Kozun 40 1 2 2
2 Luke Adam William Carrier Justin Shugg 30 1 2 2
3 Michael Chaput Michael Ferland Chris Wagner 20 1 2 2
4 Sam Carrick Brian Boyle Thomas Gobeil 10 1 2 2
5 vs 5 Defense
Defense Defense Time % Phy DF OF
1 Alec Martinez Matt Corrente 40 1 2 2
2 David Rundblad Brayden McNabb 30 1 2 2
3 Michael Stone Kevin Connauton 20 1 2 2
4 Dmitri Orlov Alec Martinez 10 1 2 2
PowerPlay Forward
Center Left Wing Right Wing Time % Phy DF OF
1 Brian Boyle Logan MacMillan Brandon Kozun 60 1 2 2
2 Luke Adam William Carrier Justin Shugg 40 1 2 2
PowerPlay Defense
Defense Defense Time % Phy DF OF
1 Alec Martinez Matt Corrente 60 1 2 2
2 David Rundblad Brayden McNabb 40 1 2 2
Penalty Kill 4 Players Forward
Center Wing Time % Phy DF OF
1 Brian Boyle Luke Adam 60 1 2 2
2 Michael Chaput Logan MacMillan 40 1 2 2
Penalty Kill 4 Players Defense
Defense Defense Time % Phy DF OF
1 Alec Martinez Matt Corrente 60 1 2 2
2 David Rundblad Brayden McNabb 40 1 2 2
Penalty Kill - 3 Players Forward
Forward Time % Phy DF OF
1 Brian Boyle 60 1 2 2
2 Luke Adam 40 1 2 2
Penalty Kill - 3 Players Defense
Defense Defense Time % Phy DF OF
1 Alec Martinez Matt Corrente 60 1 2 2
2 David Rundblad Brayden McNabb 40 1 2 2
4 vs 4 Forward
Center Wing Time % Phy DF OF
1 Brian Boyle Luke Adam 60 1 2 2
2 Michael Chaput Logan MacMillan 40 1 2 2
4 vs 4 Defense
Defense Defense Time % Phy DF OF
1 Alec Martinez Matt Corrente 60 1 2 2
2 David Rundblad Brayden McNabb 40 1 2 2
Last Minutes Offensive
Center Left Wing Right Wing Defense Defense
Brian Boyle Logan MacMillan Brandon Kozun Alec Martinez Matt Corrente
Last Minutes Defensive
Center Left Wing Right Wing Defense Defense
Brian Boyle Logan MacMillan Brandon Kozun Alec Martinez Matt Corrente
Goaltenders
Starting : Anders Nilsson
Backup : Harru Sateri
Extra Forwards
Normal : Emil Pettersson, Sam Carrick, Michael Ferland - PP : Emil Pettersson, Sam Carrick - PK : Michael Ferland
Extra Defensemen
Normal : Michael Stone, Kevin Connauton, Dmitri Orlov - PP : Michael Stone - PK : Kevin Connauton, Dmitri Orlov
Penalty Shots
Brian Boyle, Luke Adam, Michael Chaput, Logan MacMillan, Brandon Kozun
Scratches
Theodor Blueger (Healthy), Alex Henriksson (Healthy), Cole Ully (Healthy), Christian Djoos (Healthy), Alex Plante (Healthy)
Samuel Groulx (Healthy), Oscar Dansk (Healthy)
% Time on Ice - Atomiques
Lines # - Real PCT - Wanted PCT - Time Play
Normal Forward
1 - 33% - 40% - 17:43
2 - 27% - 30% - 14:24
3 - 22% - 20% - 11:57
4 - 17% - 10% - 9:08
Normal Defense
1 - 39% - 40% - 20:50
2 - 29% - 30% - 15:37
3 - 19% - 20% - 10:22
4 - 12% - 10% - 6:23
PP Forward
1 - 63% - 60% - 2:41
2 - 37% - 40% - 1:36
PP Defense
1 - 66% - 60% - 2:49
2 - 34% - 40% - 1:28
PK Forward
1 - 79% - 60% - 1:59
2 - 21% - 40% - 0:32
PK Defense
1 - 40% - 60% - 1:00
2 - 60% - 40% - 1:31
PK3 Forward
1 - 0% - 60%
2 - 0% - 40%
PK3 Defense
1 - 0% - 60%
2 - 0% - 40%
44 Forward
1 - 0% - 60%
2 - 0% - 40%
44 Defense
1 - 0% - 60%
2 - 0% - 40%
Last Minute Offensive - 0:00
Last Minute Defensive - 0:00
Total
Forward - 60:00
Defense - 60:00
|
% Time on Ice - Ice Dragons
Lines # - Real PCT - Wanted PCT - Time Play
Normal Forward
1 - 30% - 40% - 16:01
2 - 31% - 30% - 16:26
3 - 25% - 20% - 13:30
4 - 14% - 10% - 7:15
Normal Defense
1 - 35% - 40% - 18:40
2 - 34% - 30% - 18:05
3 - 25% - 20% - 13:19
4 - 6% - 10% - 3:08
PP Forward
1 - 56% - 60% - 1:24
2 - 44% - 40% - 1:07
PP Defense
1 - 70% - 60% - 1:46
2 - 30% - 40% - 0:45
PK Forward
1 - 81% - 60% - 3:29
2 - 19% - 40% - 0:48
PK Defense
1 - 67% - 60% - 2:53
2 - 33% - 40% - 1:24
PK3 Forward
1 - 0% - 60%
2 - 0% - 40%
PK3 Defense
1 - 0% - 60%
2 - 0% - 40%
44 Forward
1 - 0% - 60%
2 - 0% - 40%
44 Defense
1 - 0% - 60%
2 - 0% - 40%
Last Minute Offensive - 0:00
Last Minute Defensive - 0:00
Total
Forward - 60:00
Defense - 60:00
|
Play-by-Play
1st period
0:01 of 1st period - Brian Boyle wins face-off versus Rickard Rakell in neutral zone.
0:22 of 1st period - Icing by Dwight King.
0:23 of 1st period - Luke Adam wins face-off versus Tyler Brenner in Atomiques zone.
0:53 of 1st period - Backhand shot by Corey Tropp.
0:53 of 1st period - Stopped by Anders Nilsson without a rebound.
0:54 of 1st period - Sam Carrick wins face-off versus Anthony Nigro in Ice Dragons zone.
0:56 of 1st period - Icing by Brian Boyle.
0:57 of 1st period - Bobby Farnham wins face-off versus Sam Carrick in Ice Dragons zone.
1:08 of 1st period - Wrist shot by Brian Boyle.
1:08 of 1st period - Shot Misses the Net.
1:30 of 1st period - Slapshot by Michael Chaput.
1:30 of 1st period - Stopped by Jake Allen without a rebound.
1:31 of 1st period - Brian Boyle wins face-off versus Anthony Nigro in Atomiques zone.
1:42 of 1st period - Wrist shot by Brian Boyle.
1:42 of 1st period - Shot Blocked by Dalton Smith.
1:44 of 1st period - Slapshot by Alec Martinez.
1:44 of 1st period - Stopped by Jake Allen with a rebound.
1:46 of 1st period - Snap shot by Brian Boyle.
1:46 of 1st period - Stopped by Jake Allen without a rebound.
1:47 of 1st period - Rickard Rakell wins face-off versus Luke Adam in Atomiques zone.
1:52 of 1st period - Luke Adam is hit by Dwight King and loses puck.
1:59 of 1st period - Snap shot by Alec Martinez.
1:59 of 1st period - Deflect By Dwight King.
1:59 of 1st period - Stopped by Jake Allen without a rebound.
2:00 of 1st period - Tyler Brenner wins face-off versus Brian Boyle in Atomiques zone.
2:04 of 1st period - Off-side.
2:05 of 1st period - Brian Boyle wins face-off versus Tyler Brenner in neutral zone.
2:38 of 1st period - Slapshot by Alec Martinez.
2:38 of 1st period - Shot Blocked by Eric Gustafsson.
3:12 of 1st period - Jacob De La Rose is hit by Thomas Gobeil and loses puck.
4:09 of 1st period - Snap shot by Rasmus Ristolainen.
4:09 of 1st period - Stopped by Anders Nilsson with a rebound.
5:11 of 1st period - Wrist shot by Brandon Kozun.
5:11 of 1st period - Shot Blocked by Colby Cohen.
6:02 of 1st period - Snap shot by Bobby Farnham.
6:02 of 1st period - Shot Blocked by Michael Stone.
6:19 of 1st period - Slapshot by John Draeger.
6:19 of 1st period - Shot Misses the Net.
6:21 of 1st period - Slapshot by Anthony Nigro.
6:21 of 1st period - Stopped by Anders Nilsson with a rebound.
6:23 of 1st period - Backhand shot by John Draeger.
6:23 of 1st period - Shot Blocked by Luke Adam.
7:03 of 1st period - Slapshot by Eric Mestery.
7:03 of 1st period - Shot Misses the Net.
7:05 of 1st period - Slapshot by Eric Mestery.
7:05 of 1st period - Stopped by Anders Nilsson without a rebound.
7:06 of 1st period - Tyler Brenner wins face-off versus Sam Carrick in Ice Dragons zone.
7:07 of 1st period - Backhand shot by Kenndal McArdle.
7:07 of 1st period - Stopped by Anders Nilsson without a rebound.
7:08 of 1st period - Sam Carrick wins face-off versus Tyler Brenner in Ice Dragons zone.
7:08 of 1st period - Sam Carrick is hit by Tyler Brenner.
7:39 of 1st period - Off-side.
7:40 of 1st period - Tyler Brenner wins face-off versus Brandon Kozun in neutral zone.
7:53 of 1st period - Wrist shot by Jack Skille.
7:53 of 1st period - Shot Misses the Net.
8:17 of 1st period - Slapshot by Rasmus Ristolainen.
8:17 of 1st period - Stopped by Anders Nilsson with a rebound.
8:57 of 1st period - Snap shot by Kenndal McArdle.
8:57 of 1st period - Shot Misses the Net.
8:59 of 1st period - Snap shot by Jack Skille.
8:59 of 1st period - Shot Misses the Net.
9:01 of 1st period - Wrist shot by Colby Cohen.
9:01 of 1st period - Shot Blocked by Brayden McNabb.
11:05 of 1st period - Michael Chaput is hit by Bobby Farnham and loses puck.
11:20 of 1st period - Snap shot by Ryan Shannon.
11:20 of 1st period - Deflect By Rickard Rakell.
11:20 of 1st period - Stopped by Anders Nilsson without a rebound.
11:21 of 1st period - Rickard Rakell wins face-off versus Luke Adam in Ice Dragons zone.
11:22 of 1st period - Snap shot by Dwight King.
11:22 of 1st period - Stopped by Anders Nilsson without a rebound.
11:23 of 1st period - Luke Adam wins face-off versus Rickard Rakell in Ice Dragons zone.
11:52 of 1st period - Off-side.
11:53 of 1st period - Tyler Brenner wins face-off versus Brian Boyle in neutral zone.
12:02 of 1st period - Slapshot by Brian Boyle.
12:02 of 1st period - Stopped by Jake Allen without a rebound.
12:03 of 1st period - Tyler Brenner wins face-off versus Brian Boyle in Atomiques zone.
12:16 of 1st period - Snap shot by Kenndal McArdle.
12:16 of 1st period - Shot Blocked by Brian Boyle.
12:18 of 1st period - Snap shot by Tyler Brenner.
12:18 of 1st period - Stopped by Anders Nilsson without a rebound.
12:19 of 1st period - Brian Boyle wins face-off versus Rickard Rakell in Ice Dragons zone.
12:21 of 1st period - Minor Penalty to Matt Corrente for Hooking.
12:22 of 1st period - Rickard Rakell wins face-off versus Brian Boyle in Ice Dragons zone.
12:30 of 1st period - Snap shot by Brian Boyle.
12:30 of 1st period - Goal by Brian Boyle - Atomiques : 0 - Ice Dragons : 1.
12:31 of 1st period - Brian Boyle wins face-off versus Rickard Rakell in neutral zone.
12:38 of 1st period - Wrist shot by Rasmus Ristolainen.
12:38 of 1st period - Shot Blocked by Brian Boyle.
12:40 of 1st period - Wrist shot by Dwight King.
12:40 of 1st period - Goal by Dwight King - Atomiques : 1 - Ice Dragons : 1.
12:41 of 1st period - Rickard Rakell wins face-off versus Brian Boyle in neutral zone.
13:53 of 1st period - Slapshot by Rasmus Ristolainen.
13:53 of 1st period - Shot Misses the Net.
14:49 of 1st period - Icing by Colby Cohen.
14:50 of 1st period - Kenndal McArdle wins face-off versus Chris Wagner in Atomiques zone.
15:39 of 1st period - Snap shot by Dwight King.
15:39 of 1st period - Stopped by Anders Nilsson with a rebound.
16:13 of 1st period - Kenndal McArdle is hit by Matt Corrente and loses puck.
18:16 of 1st period - Snap shot by Dwight King.
18:16 of 1st period - Stopped by Anders Nilsson without a rebound.
18:17 of 1st period - Brian Boyle wins face-off versus Rickard Rakell in Ice Dragons zone.
18:17 of 1st period - Brian Boyle is hit by Rickard Rakell.
18:30 of 1st period - Icing by Logan MacMillan.
18:31 of 1st period - Brian Boyle wins face-off versus Rickard Rakell in Ice Dragons zone.
19:07 of 1st period - Wrist shot by Luke Adam.
19:07 of 1st period - Shot Blocked by Rasmus Ristolainen.
19:09 of 1st period - Snap shot by William Carrier.
19:09 of 1st period - Stopped by Jake Allen without a rebound.
19:10 of 1st period - Rickard Rakell wins face-off versus Michael Chaput in Atomiques zone.
19:25 of 1st period - Wrist shot by Michael Chaput.
19:25 of 1st period - Stopped by Jake Allen with a rebound.
19:38 of 1st period - Minor Penalty to Logan MacMillan for Holding Stick.
19:39 of 1st period - Rickard Rakell wins face-off versus Brian Boyle in Ice Dragons zone.
Goals for this period are 1 for Atomiques vs 1 for Ice Dragons.
Shots for this period are 12 for Atomiques vs 8 for Ice Dragons.
2nd period
0:01 of 2nd period - Brian Boyle wins face-off versus Rickard Rakell in neutral zone.
1:38 of 2nd period - Penalty to Logan MacMillan is over, Logan MacMillan is back on ice.
1:40 of 2nd period - Snap shot by William Carrier.
1:40 of 2nd period - Shot Blocked by Dalton Smith.
1:42 of 2nd period - Slapshot by David Rundblad.
1:42 of 2nd period - Stopped by Jake Allen with a rebound.
1:44 of 2nd period - Slapshot by Brayden McNabb.
1:44 of 2nd period - Shot Misses the Net.
1:46 of 2nd period - Snap shot by Sam Carrick.
1:46 of 2nd period - Shot Blocked by Rasmus Ristolainen.
1:48 of 2nd period - Wrist shot by William Carrier.
1:48 of 2nd period - Stopped by Jake Allen without a rebound.
1:49 of 2nd period - Anthony Nigro wins face-off versus Brian Boyle in Atomiques zone.
1:49 of 2nd period - Anthony Nigro is hit by Logan MacMillan.
2:53 of 2nd period - Slapshot by Alec Martinez.
2:53 of 2nd period - Stopped by Jake Allen with a rebound.
2:55 of 2nd period - Snap shot by Michael Ferland.
2:55 of 2nd period - Shot Blocked by Ryan Shannon.
3:09 of 2nd period - Snap shot by Anthony Nigro.
3:09 of 2nd period - Shot Misses the Net.
3:47 of 2nd period - Brayden McNabb is hit by Jack Skille.
4:09 of 2nd period - Ryan Shannon is hit by William Carrier and loses puck.
4:42 of 2nd period - Jacob De La Rose is hit by Brian Boyle and loses puck.
5:26 of 2nd period - Snap shot by Corey Tropp.
5:26 of 2nd period - Stopped by Anders Nilsson without a rebound.
5:27 of 2nd period - Emil Pettersson wins face-off versus Anthony Nigro in Ice Dragons zone.
5:27 of 2nd period - Emil Pettersson is hit by Dalton Smith.
5:41 of 2nd period - Logan MacMillan is hit by Anthony Nigro and loses puck.
6:02 of 2nd period - Wrist shot by Michael Chaput.
6:02 of 2nd period - Shot Misses the Net.
6:04 of 2nd period - Slapshot by Brayden McNabb.
6:04 of 2nd period - Deflect By Dwight King.
6:04 of 2nd period - Stopped by Jake Allen without a rebound.
6:05 of 2nd period - Brian Boyle wins face-off versus Tyler Brenner in Atomiques zone.
6:08 of 2nd period - Snap shot by Brian Boyle.
6:08 of 2nd period - Stopped by Jake Allen with a rebound.
6:30 of 2nd period - Matt Corrente is hit by Eric Mestery and loses puck.
7:20 of 2nd period - Rasmus Ristolainen is hit by Luke Adam and loses puck.
7:25 of 2nd period - Wrist shot by Luke Adam.
7:25 of 2nd period - Deflect By Justin Shugg.
7:25 of 2nd period - Shot Blocked by Rasmus Ristolainen.
7:25 of 2nd period - Puck is out of play.
7:26 of 2nd period - Luke Adam wins face-off versus Kenndal McArdle in Atomiques zone.
7:39 of 2nd period - Slapshot by Kevin Connauton.
7:39 of 2nd period - Stopped by Jake Allen with a rebound.
7:53 of 2nd period - Matt Tennyson is hit by Michael Chaput and loses puck.
9:11 of 2nd period - Icing by Brayden McNabb.
9:12 of 2nd period - Rickard Rakell wins face-off versus Chris Wagner in Ice Dragons zone.
9:19 of 2nd period - Slapshot by Dwight King.
9:19 of 2nd period - Shot Misses the Net.
10:02 of 2nd period - Snap shot by Corey Tropp.
10:02 of 2nd period - Stopped by Anders Nilsson with a rebound.
10:32 of 2nd period - David Rundblad is hit by Rickard Rakell and loses puck.
10:40 of 2nd period - Icing by Brayden McNabb.
10:41 of 2nd period - Sam Carrick wins face-off versus Rickard Rakell in Ice Dragons zone.
10:55 of 2nd period - Wrist shot by Ryan Shannon.
10:55 of 2nd period - Stopped by Anders Nilsson without a rebound.
10:56 of 2nd period - Luke Adam wins face-off versus Tyler Brenner in Ice Dragons zone.
11:46 of 2nd period - Wrist shot by Luke Adam.
11:46 of 2nd period - Shot Misses the Net.
11:48 of 2nd period - Snap shot by Justin Shugg.
11:48 of 2nd period - Shot Misses the Net.
11:54 of 2nd period - Slapshot by William Carrier.
11:54 of 2nd period - Stopped by Jake Allen without a rebound.
11:55 of 2nd period - Brian Boyle wins face-off versus Dwight King in Atomiques zone.
11:56 of 2nd period - Slapshot by Brandon Kozun.
11:56 of 2nd period - Stopped by Jake Allen with a rebound.
12:26 of 2nd period - Snap shot by Michael Chaput.
12:26 of 2nd period - Shot Blocked by Eric Mestery.
13:13 of 2nd period - Wrist shot by Corey Tropp.
13:13 of 2nd period - Shot Blocked by Michael Stone.
13:15 of 2nd period - Slapshot by Dalton Smith.
13:15 of 2nd period - Goal by Dalton Smith - Atomiques : 2 - Ice Dragons : 1.
13:16 of 2nd period - Brian Boyle wins face-off versus Dwight King in neutral zone.
14:31 of 2nd period - Slapshot by Alec Martinez.
14:31 of 2nd period - Stopped by Jake Allen without a rebound.
14:32 of 2nd period - Rickard Rakell wins face-off versus Luke Adam in Atomiques zone.
14:47 of 2nd period - Slapshot by Ryan Shannon.
14:47 of 2nd period - Stopped by Anders Nilsson without a rebound.
14:48 of 2nd period - Brian Boyle wins face-off versus Tyler Brenner in Ice Dragons zone.
15:25 of 2nd period - Minor Penalty to Michael Ferland for Goalie Interference.
15:26 of 2nd period - Rickard Rakell wins face-off versus Brian Boyle in Ice Dragons zone.
15:58 of 2nd period - Matt Corrente is hit by Jack Skille and loses puck.
16:21 of 2nd period - Matt Corrente is hit by Dwight King and loses puck.
17:24 of 2nd period - William Carrier is hit by Kenndal McArdle and loses puck.
17:25 of 2nd period - Penalty to Michael Ferland is over, Michael Ferland is back on ice.
17:35 of 2nd period - Slapshot by Brian Boyle.
17:35 of 2nd period - Shot Misses the Net.
17:37 of 2nd period - Minor Penalty to Dalton Smith for Boarding.
17:38 of 2nd period - Brian Boyle wins face-off versus Dwight King in Atomiques zone.
17:39 of 2nd period - Slapshot by Alec Martinez.
17:39 of 2nd period - Stopped by Jake Allen with a rebound.
17:41 of 2nd period - Slapshot by Alec Martinez.
17:41 of 2nd period - Stopped by Jake Allen without a rebound.
17:42 of 2nd period - Dwight King wins face-off versus Brian Boyle in Atomiques zone.
17:51 of 2nd period - Wrist shot by Dwight King.
17:51 of 2nd period - Shot Misses the Net.
18:09 of 2nd period - Slapshot by Matt Corrente.
18:09 of 2nd period - Deflect By Luke Adam.
18:09 of 2nd period - Goal by Luke Adam - Atomiques : 2 - Ice Dragons : 2.
18:10 of 2nd period - Rickard Rakell wins face-off versus Brian Boyle in neutral zone.
18:20 of 2nd period - Icing by Alec Martinez.
18:21 of 2nd period - Brian Boyle wins face-off versus Rickard Rakell in Ice Dragons zone.
19:19 of 2nd period - Slapshot by Rasmus Ristolainen.
19:19 of 2nd period - Stopped by Anders Nilsson with a rebound.
19:42 of 2nd period - Matt Tennyson is hit by Brian Boyle and loses puck.
19:49 of 2nd period - Slapshot by Matt Tennyson.
19:49 of 2nd period - Shot Misses the Net.
19:51 of 2nd period - Slapshot by Bobby Farnham.
19:51 of 2nd period - Shot Misses the Net.
Goals for this period are 1 for Atomiques vs 1 for Ice Dragons.
Shots for this period are 6 for Atomiques vs 12 for Ice Dragons.
3rd period
0:01 of 3rd period - Brian Boyle wins face-off versus Rickard Rakell in neutral zone.
0:46 of 3rd period - Wrist shot by Luke Adam.
0:46 of 3rd period - Shot Misses the Net.
1:10 of 3rd period - Slapshot by Eric Gustafsson.
1:10 of 3rd period - Shot Misses the Net.
1:18 of 3rd period - Jacob De La Rose is hit by Sam Carrick.
1:19 of 3rd period - Icing by Jacob De La Rose.
1:20 of 3rd period - Luke Adam wins face-off versus Jacob De La Rose in Atomiques zone.
2:08 of 3rd period - Logan MacMillan is hit by Ryan Shannon and loses puck.
2:17 of 3rd period - Slapshot by Kevin Connauton.
2:17 of 3rd period - Stopped by Jake Allen without a rebound.
2:18 of 3rd period - Rickard Rakell wins face-off versus Luke Adam in Atomiques zone.
2:31 of 3rd period - Kevin Connauton is hit by Ryan Shannon.
2:38 of 3rd period - Minor Penalty to Rickard Rakell for High sticking.
2:39 of 3rd period - Dwight King wins face-off versus Brian Boyle in Atomiques zone.
2:39 of 3rd period - Dwight King is hit by Logan MacMillan.
3:14 of 3rd period - Off-side.
3:15 of 3rd period - Joseph Cramarossa wins face-off versus Brian Boyle in neutral zone.
4:38 of 3rd period - Penalty to Rickard Rakell is over, Rickard Rakell is back on ice.
4:42 of 3rd period - Snap shot by Rickard Rakell.
4:42 of 3rd period - Stopped by Anders Nilsson with a rebound.
5:17 of 3rd period - Snap shot by Rickard Rakell.
5:17 of 3rd period - Deflect By Mike Halmo.
5:17 of 3rd period - Shot Misses the Net.
5:17 of 3rd period - Puck is out of play.
5:18 of 3rd period - Tyler Brenner wins face-off versus Brian Boyle in Ice Dragons zone.
5:19 of 3rd period - Snap shot by Jack Skille.
5:19 of 3rd period - Stopped by Anders Nilsson without a rebound.
5:20 of 3rd period - Tyler Brenner wins face-off versus Brian Boyle in Ice Dragons zone.
5:29 of 3rd period - Rasmus Ristolainen is hit by Brandon Kozun and loses puck.
6:52 of 3rd period - Snap shot by Luke Adam.
6:52 of 3rd period - Stopped by Jake Allen with a rebound.
8:01 of 3rd period - Wrist shot by Brian Boyle.
8:01 of 3rd period - Goal by Brian Boyle - Atomiques : 2 - Ice Dragons : 3.
8:02 of 3rd period - Rickard Rakell wins face-off versus Brian Boyle in neutral zone.
9:07 of 3rd period - Snap shot by Bobby Farnham.
9:07 of 3rd period - Shot Blocked by Kevin Connauton.
9:24 of 3rd period - Kevin Connauton is hit by Eric Mestery and loses puck.
9:35 of 3rd period - Snap shot by Luke Adam.
9:35 of 3rd period - Shot Blocked by Colby Cohen.
9:37 of 3rd period - Slapshot by Michael Stone.
9:37 of 3rd period - Goal by Michael Stone - Atomiques : 2 - Ice Dragons : 4.
9:38 of 3rd period - Brian Boyle wins face-off versus Dwight King in neutral zone.
9:41 of 3rd period - Slapshot by Alec Martinez.
9:41 of 3rd period - Stopped by Jake Allen with a rebound.
9:53 of 3rd period - Alec Martinez is hit by Matt Tennyson and loses puck.
10:04 of 3rd period - Matt Tennyson is hit by Chris Wagner and loses puck.
10:09 of 3rd period - Snap shot by Michael Chaput.
10:09 of 3rd period - Goal by Michael Chaput - Atomiques : 2 - Ice Dragons : 5.
10:10 of 3rd period - Rickard Rakell wins face-off versus Brandon Kozun in neutral zone.
10:23 of 3rd period - Slapshot by Rasmus Ristolainen.
10:23 of 3rd period - Shot Misses the Net.
10:35 of 3rd period - Slapshot by David Rundblad.
10:35 of 3rd period - Shot Blocked by Rasmus Ristolainen.
10:37 of 3rd period - Slapshot by Michael Chaput.
10:37 of 3rd period - Stopped by Jake Allen with a rebound.
10:39 of 3rd period - Wrist shot by Michael Ferland.
10:39 of 3rd period - Shot Blocked by Matt Tennyson.
10:43 of 3rd period - Snap shot by Michael Ferland.
10:43 of 3rd period - Stopped by Jake Allen with a rebound.
11:23 of 3rd period - Wrist shot by Dalton Smith.
11:23 of 3rd period - Stopped by Anders Nilsson with a rebound.
11:25 of 3rd period - Snap shot by Anthony Nigro.
11:25 of 3rd period - Shot Misses the Net.
11:27 of 3rd period - Snap shot by Anthony Nigro.
11:27 of 3rd period - Stopped by Anders Nilsson with a rebound.
12:24 of 3rd period - Off-side.
12:25 of 3rd period - Rickard Rakell wins face-off versus Michael Chaput in neutral zone.
12:50 of 3rd period - Tyler Brenner is hit by Brian Boyle and loses puck.
13:17 of 3rd period - Slapshot by Matt Corrente.
13:17 of 3rd period - Deflect By Rasmus Ristolainen.
13:17 of 3rd period - Stopped by Jake Allen without a rebound.
13:18 of 3rd period - Brian Boyle wins face-off versus Ryan Shannon in Atomiques zone.
14:07 of 3rd period - Snap shot by Logan MacMillan.
14:07 of 3rd period - Shot Blocked by Kenndal McArdle.
14:33 of 3rd period - Slapshot by Kevin Connauton.
14:33 of 3rd period - Shot Blocked by Matt Tennyson.
14:35 of 3rd period - Wrist shot by Luke Adam.
14:35 of 3rd period - Stopped by Jake Allen with a rebound.
14:37 of 3rd period - Slapshot by Michael Stone.
14:37 of 3rd period - Shot Misses the Net.
15:38 of 3rd period - Wrist shot by Jack Skille.
15:38 of 3rd period - Deflect By Tyler Brenner.
15:38 of 3rd period - Stopped by Anders Nilsson with a rebound.
15:40 of 3rd period - Snap shot by Tyler Brenner.
15:40 of 3rd period - Shot Misses the Net.
16:02 of 3rd period - Wrist shot by Bobby Farnham.
16:02 of 3rd period - Shot Misses the Net.
16:34 of 3rd period - Brian Boyle is hit by Anthony Nigro and loses puck.
16:51 of 3rd period - Wrist shot by Jack Skille.
16:51 of 3rd period - Stopped by Anders Nilsson with a rebound.
17:39 of 3rd period - Matt Corrente is hit by Dalton Smith and loses puck.
17:44 of 3rd period - Snap shot by Anthony Nigro.
17:44 of 3rd period - Stopped by Anders Nilsson without a rebound.
17:45 of 3rd period - Brian Boyle wins face-off versus Rickard Rakell in Ice Dragons zone.
18:17 of 3rd period - Snap shot by Tyler Brenner.
18:17 of 3rd period - Stopped by Anders Nilsson without a rebound.
18:18 of 3rd period - Luke Adam wins face-off versus Rickard Rakell in Ice Dragons zone.
18:31 of 3rd period - Snap shot by Luke Adam.
18:31 of 3rd period - Stopped by Jake Allen without a rebound.
18:32 of 3rd period - Rickard Rakell wins face-off versus Brian Boyle in Atomiques zone.
18:39 of 3rd period - Dwight King is hit by David Rundblad and loses puck.
18:46 of 3rd period - Wrist shot by Brian Boyle.
18:46 of 3rd period - Stopped by Jake Allen with a rebound.
18:58 of 3rd period - Justin Shugg is hit by Rasmus Ristolainen and loses puck.
19:16 of 3rd period - Off-side.
19:17 of 3rd period - Anthony Nigro wins face-off versus Michael Chaput in neutral zone.
19:20 of 3rd period - Chris Wagner is hit by Colby Cohen and loses puck.
19:43 of 3rd period - Snap shot by Brandon Kozun.
19:43 of 3rd period - Stopped by Jake Allen with a rebound.
19:45 of 3rd period - Backhand shot by Michael Stone.
19:45 of 3rd period - Stopped by Jake Allen without a rebound.
19:46 of 3rd period - Brian Boyle wins face-off versus Ryan Shannon in Atomiques zone.
19:59 of 3rd period - Snap shot by Dwight King.
19:59 of 3rd period - Deflect By Matt Corrente.
19:59 of 3rd period - Shot Misses the Net.
19:59 of 3rd period - Puck is out of play.
Goals for this period are 0 for Atomiques vs 3 for Ice Dragons.
Shots for this period are 8 for Atomiques vs 14 for Ice Dragons.
Back to the Top